 Dungeon Crawl Stone Soup version 0.28.0-43-g3370ac3207 (webtiles) character file.

Game seed: 15922859703645771075

44 funkygono the Firebug (level 3, -2/24 HPs)
             Began as a Demonspawn Fire Elementalist on Mar 15, 2022.
             Slain by a gnoll
             ... wielding a +0 halberd
              (6 damage)
             ... on level 2 of the Dungeon.
             The game lasted 00:02:30 (1545 turns).

funkygono the Firebug (DsFE)                        Turns: 1545, Time: 00:02:30

Health: -2/24      AC:  3    Str:  8    XL:     3   Next: 39%
Magic:  2/6        EV: 12    Int: 18    God:
Gold:   71         SH:  0    Dex: 13    Spells: 0/6 levels left

rFire   . . .      SeeInvis .   c - +0 dagger
rCold   . . .      Faith    .   (no shield)
rNeg    + . .      Spirit   .   a - +0 robe
rPois   .          Reflect  .   (no helmet)
rElec   .          Harm     .   (no cloak)
rCorr   .          Rampage  .   (no gloves)
Will    .....                   (no boots)
Stlth   ++........              (no amulet)
HPRegen 0.08/turn               j - ring of positive energy
MPRegen 0.10/turn               (no ring)

@: no status effects
A: sharp scales 1
a: no special abilities


You were on level 2 of the Dungeon.
You visited 1 branch of the dungeon, and saw 2 of its levels.

You collected 71 gold pieces.

Inventory:

Hand Weapons
 c - a +0 dagger (weapon)
Missiles
 d - 81 stones
Armour
 a - a +0 robe (worn)
Magical Staves
 g - a staff of death
Jewellery
 j - a ring of positive energy (left hand)
Scrolls
 b - a scroll of immolation {unknown}
 e - a scroll of torment {unknown}
 f - a scroll of enchant weapon {unknown}
 i - a scroll of fog {unknown}
Potions
 h - a potion of magic {unknown}


   Skills:
 + Level 1.9 Dodging
 - Level 1.7 Stealth
 * Level 2.3 Spellcasting
 * Level 1.9 Conjurations
 * Level 3.3 Fire Magic


You couldn't memorise any spells.
You knew the following spells:

 Your Spells              Type           Power      Damage    Failure   Level
a - Foxfire               Conj/Fire      44%        2x1d6     6%          1
b - Scorch                Fire           28%        2d6       7%          2
c - Conjure Flame         Conj/Fire      11%        6-21      17%         3

Your spell library contained the following spells:

 Spells                   Type           Power      Damage    Failure   Level
 Inner Flame              Hex/Fire       8%         N/A       26%         3
 Flame Wave               Conj/Fire      11%        2d5       50%         4


Dungeon Overview and Level Annotations

Branches:
Dungeon (2/15)

Altars:
Wu Jian

Shops:
D:2 (


Innate Abilities, Weirdness & Mutations

You are partially covered in razor-sharp scales. (AC +1, Slay +1)


Message History

The gnoll is heavily wounded.
The foxfire hits the gnoll.
The gnoll is severely wounded.
A gnoll comes into view. It is wielding a +0 flail.
Casting: Foxfire (safe; 6% risk of failure)
Confirm with . or Enter, or press ? or * to list all spells.
You conjure some foxfire!
The foxfire hits the gnoll.
The gnoll is severely wounded.
You hit the gnoll.
The gnoll is almost dead.
The gnoll hits you with a +0 whip.
You hit the gnoll.
You kill the gnoll!
The gnoll hits you with a +0 whip. The gnoll barely misses you.
The gnoll hits you from afar with a +0 halberd!
* * * LOW HITPOINT WARNING * * *
Things that are here:
a +0 club; a gnoll corpse
Casting: Foxfire (safe; 6% risk of failure)
Confirm with . or Enter, or press ? or * to list all spells.
You don't know that spell.
Casting: Foxfire (safe; 6% risk of failure)
Confirm with . or Enter, or press ? or * to list all spells.
You conjure some foxfire!
The foxfire hits the gnoll.
The gnoll is moderately wounded.
The foxfire hits the gnoll.
The gnoll is heavily wounded.
The gnoll closely misses you. The gnoll barely misses you.
Casting: Foxfire (safe; 6% risk of failure)
Confirm with . or Enter, or press ? or * to list all spells.
You conjure some foxfire!
The gnoll hits you with a +0 whip.
* * * LOW HITPOINT WARNING * * *
The foxfire hits the gnoll.
The gnoll is severely wounded.
The foxfire hits the gnoll.
You kill the gnoll!
The gnoll hits you from afar with a +0 halberd.
You die...

#.........#.#
#.#######.#.#############
#.# #...............####
#.# ###.######..........
#.# #g# #.####.#### #.#
#.# #.# #.# ####.######
#g# #.# #.# #.........#
#)######.# #.#
###.........####@.......#
#.#
..............##§########
#.# >#.........##.##.###
#.# #.........##.##...#
#. #
#.........##.##.#.###
#.####
#...................#
#....#
.....................#
#...#.
.....########.##.._...#
#.#.. .##.# #.##.†....#
#..∩


You could see 2 gnolls.

Vanquished Creatures
  2 gnolls (D:2)
  A dart slug (D:1)
  3 endoplasms (D:1)
  2 giant cockroaches
  5 goblins (D:1)
  2 hobgoblins (D:1)
  3 quokkas
  2 ball pythons (D:1)
  2 bats
  A frilled lizard (D:2)
  5 kobolds (D:1)
  3 rats (D:2)
31 creatures vanquished.

Vanquished Creatures (others)
  78 foxfires
78 creatures vanquished.

Grand Total: 109 creatures vanquished

Notes
Turn   | Place    | Note
-------+----------+-------------------------------------------
     0 | D:1      | funkygono the Demonspawn Fire Elementalist began the quest
                  | for the Orb.
     0 | D:1      | Reached XP level 1. HP: 13/13 MP: 3/3
   270 | D:1      | Reached skill level 3 in Fire Magic
   290 | D:1      | Gained mutation: You are partially covered in razor-sharp
                  | scales. (AC +1, Slay +1) [demonic ancestry]
   290 | D:1      | Reached XP level 2. HP: 19/19 MP: 0/5
   293 | D:1      | Learned a level 2 spell: Scorch
  1270 | D:2      | Reached XP level 3. HP: 24/24 MP: 3/6
  1303 | D:2      | Learned a level 3 spell: Conjure Flame
  1319 | D:2      | Found Rumoch's Weapon Shoppe.
  1473 | D:2      | Found an ornate altar of the Wu Jian Council.
  1545 | D:2      | Slain by a gnoll

Illustrated notes

Levels and vault maps discovered:
D:1:      kilobyte_arrival_exit_the_forest, layout_rooms, hex_intersection
D:2:      layout_loops_ring, shapermc_ecumenical_altar_petra, basic_altar,
          serial_shops, nicolae_diamond_shop, chequers_serial_rivers_large_b,
          minmay_fractal_squares_gapless_5, uniq_robin

Skill      XL: |  1 |
---------------+----+-----
Fire Magic     | 3 |  3.3
Dodging        | |  1.9
Stealth        | |  1.7
Spellcasting   | |  2.3
Conjurations   | |  1.9

Action                   || total
-------------------------++-------
Melee: Dagger            ||     4
 Cast: Foxfire           ||    48
       Scorch            ||     3
Armor: Robe              ||     4
Dodge: Dodged            ||     7
